 Dungeon Crawl Stone Soup version 0.28-a0-689-ga55568f2eb (webtiles) character file.

Game seed: 3399762814023107716

7443 BlueGoblin the Nimble (level 11, -12/67 HPs)
             Began as an Octopode Monk on Oct 20, 2021.
             Was an Initiate of Gozag.
             Mangled by a yak (14 damage)
             ... on level 1 of the Lair of Beasts.
             The game lasted 00:34:13 (17104 turns).

BlueGoblin the Nimble (Octopode Monk)              Turns: 17104, Time: 00:34:14

Health: -12/67     AC:  1    Str: 10    XL:     11   Next: 15%
Magic:  11/11      EV: 22    Int: 13    God:    Gozag
Gold:   805        SH: 22    Dex: 18    Spells: 10/10 levels left

rFire   . . .      SeeInvis .   b - +2 short sword (spect)
rCold   . . .      Faith    .   i - +4 tower shield
rNeg    . . .      Spirit   .   (helmet restricted)
rPois   +          Reflect  .   (no amulet)
rElec   .          Harm     .   w - ring of poison resistance
rCorr   .          Rampage  .   r - +4 ring of evasion
Will    .....                   (no ring)
Stlth   +++.......              (no ring)
HPRegen 0.21/turn               (no ring)
MPRegen 0.12/turn               (no ring)
                                (no ring)
                                (no ring)

@: attractive
A: almost no armour, amphibious, 8 rings, camouflage 1, gelatinous body 1,
(nimble swimmer 1), tentacles
a: Renounce Religion, Potion Petition, Call Merchant, Bribe Branch


You were on level 1 of the Lair of Beasts.
You worshipped Gozag.
Gozag was pleased with you.
You visited 3 branches of the dungeon, and saw 13 of its levels.

You collected 1294 gold pieces.
You spent 489 gold pieces at shops.

Inventory:

Hand Weapons
 a - a +3 dagger of venom
 b - a +2 spectral short sword (weapon)
Missiles
 e - 55 sling bullets
 f - 123 bolts
 t - a throwing net
 u - 11 poisoned darts (quivered)
Armour
 i - a +4 tower shield (worn)
Jewellery
 r - a +4 ring of evasion (right tentacle)
 w - a ring of poison resistance (left tentacle)
Wands
 v - a wand of flame (18)
Scrolls
 d - 2 scrolls of magic mapping
Potions
 g - 2 potions of might
 l - a potion of resistance
 n - 6 potions of flight


   Skills:
 - Level 3.0 Fighting
 - Level 3.0 Short Blades
 * Level 12.4 Dodging
 - Level 2.6 Stealth
 * Level 11.7 Shields


You had 10 spell levels left.
You didn't know any spells.
Your spell library contained the following spells:

 Spells                   Type           Power      Damage    Failure   Level
 Shock                    Conj/Air       0%         1d3       86%         1
 Swiftness                Air            0%         N/A       99%         3
 Airstrike                Air            0%         N/A       100%        4
 Leda's Liquefaction      Hex/Erth       0%         N/A       100%        4
 Lee's Rapid Deconstruct  Erth           0%         3d5*      100%        5
 Summon Forest            Summ/Tloc      0%         N/A       100%        5
 Summon Mana Viper        Hex/Summ       0%         N/A       100%        5
 Statue Form              Tmut/Erth      0%         N/A       100%        6
 Summon Cactus Giant      Summ           0%         N/A       100%        6
 Malign Gateway           Summ/Tloc      0%         N/A       100%        7
 Summon Horrible Things   Summ           0%         N/A       100%        8


Dungeon Overview and Level Annotations

Branches:
Dungeon (10/15)            Temple (1/1) D:4            Lair (2/6) D:8
  Swamp (0/4) Lair:2       Spider (0/4) Lair:2
    Orc: D:9-12

Altars:
Ashenzari
Cheibriados
Dithmenos
Elyvilon
Fedhas
Gozag
Hepliaklqana
Kikubaaqudgha
Makhleb
Nemelex Xobeh
Okawaru
Qazlal
Ru
Sif Muna
Trog
Uskayaw
Vehumet
Wu Jian
Xom
Yredelemnul
Zin
The Shining One

Shops:
D:1 !   D:4 **

Annotations:
D:8 IndexError's ghost, novice GnIE


Innate Abilities, Weirdness & Mutations

You cannot wear most types of armour.
You are amphibious.
You can wear up to eight rings at the same time.
Your skin changes colour to match your surroundings (Stealth+).
Your rubbery body absorbs attacks. (AC +1, EV +1)
((You are camouflaged near water. (Stealth+)))
You have tentacles for arms and can constrict up to eight enemies at once.


Message History

You feel sick.
You feel sick.
The yak is no longer distracted by gold.
The cane toad gives a loud, deep croak!
You hit the yak.
The yak is lightly wounded.
Your +2 spectral short sword hits the yak!
You feel sick.
You are no longer poisoned.
You block the yak's attack. x3; The yak misses you.
You block the yak's attack. The yak completely misses you. The yak misses you.
Okay, then.
Okay, then.
You are too injured to fight recklessly!
You are too injured to fight recklessly!
You hit the yak. Your squeeze misses the yak.
The yak is heavily wounded.
Your +2 spectral short sword barely misses the yak.
The yak gores your +2 spectral short sword.
Your spectral weapon shares its damage with you!
* * * LOW HITPOINT WARNING * * *
The yak gores your +2 spectral short sword.
Your spectral weapon shares its damage with you!
* * * LOW HITPOINT WARNING * * *
The yak bellows!
You block the yak's attack. x2
There is a stone staircase leading up here.
You block the cane toad's attack. The yak misses you. The yak gores you!
* * * LOW HITPOINT WARNING * * *
You block the yak's attack.
You climb upwards.
There is a stone staircase leading down here.
Okay, then.
It was a potion of attraction.
You feel attractive to monsters. You block the cane toad's attack.
You block the yak's attack. The yak gores you!
You die...
Your body crumbles into a pile of gold.

#..###.#..##.#....#.##..##.
#..........................
#..........................
#..#######..####...........
#..# ##..# #...........
#..# #...# #...........
#..# ##..# #...........
#..# #Y.####...........
#..## #@Y.##P...........
#...# #YF####..###...#..
#..#######..# #..# ##..###
#..###.##P..####..## #..###
#..................###....#
#.......>..................
#...#####..#####...........
#...# #..# #..#########
#...# #..# #..P# #


You could see 3 yaks and a cane toad.

Vanquished Creatures
  Fannar (Lair:1)
  A black mamba (Lair:1)
  3 cane toads
  4 komodo dragons
  A yak (Lair:2)
  A wyvern (D:7)
  2 steam dragons
  An acid dragon (D:8)
  4 water moccasins
  A sky beast (D:7)
  A hornet zombie (D:7)
  3 orc warriors
  3 necrophages (D:6)
  10 wolves
  A centaur (D:5)
  2 ogres
  8 bullfrogs
  2 scorpions
  An electric eel (Lair:1)
  4 howler monkeys
  2 bullfrog zombies
  A centaur zombie (D:8)
  2 jellies
  A bullfrog skeleton (D:6)
  A gnoll shaman (D:6)
  2 hounds
  3 orc priests
  A centaur skeleton (D:7)
  An iguana (D:5)
  Natasha (thrice) (D:3)
  7 orc wizards
  2 killer bee zombies (D:7)
  A hound skeleton (D:4)
  10 gnolls
  5 adders
  2 shadow imps
  A white imp (D:5)
  An adder skeleton (D:4)
  A dart slug (D:3)
  18 orcs
  11 endoplasms
  6 giant cockroaches
  5 goblins
  9 hobgoblins
  4 jackals (D:2)
  6 kobolds
  3 quokkas (D:1)
  4 ball pythons
  6 bats
  3 frilled lizards
  7 rats
183 creatures vanquished.

Vanquished Creatures (others)
  5 fungi (Lair:1)
  10 plants
15 creatures vanquished.

Grand Total: 198 creatures vanquished

Notes
Turn   | Place    | Note
-------+----------+-------------------------------------------
     0 | D:1      | BlueGoblin the Octopode Monk began the quest for the Orb.
     0 | D:1      | Reached XP level 1. HP: 16/16 MP: 1/1
    54 | D:1      | Found a faded altar of an unknown god.
   574 | D:1      | Reached XP level 2. HP: 21/21 MP: 2/2
   710 | D:1      | Found Poesopur's Distillery.
   716 | D:1      | Bought a potion of lignification for 36 gold pieces
  1016 | D:1      | Reached skill level 4 in Dodging
  1072 | D:1      | Reached XP level 3. HP: 26/26 MP: 3/3
  2011 | D:2      | Reached XP level 4. HP: 31/31 MP: 4/4
  2486 | D:3      | Reached skill level 5 in Dodging
  3051 | D:3      | Noticed Natasha
  3058 | D:3      | Killed Natasha
  3059 | D:3      | Reached XP level 5. HP: 36/36 MP: 5/5
  3167 | D:3      | Noticed Natasha
  3173 | D:3      | Killed Natasha
  3544 | D:3      | Noticed Natasha
  3559 | D:3      | Killed Natasha
  3560 | D:3      | Reached skill level 6 in Dodging
  3805 | D:4      | Found Moyt's General Store.
  3854 | D:4      | Found a basalt altar of Yredelemnul.
  3877 | D:4      | Found an iron altar of Okawaru.
  3921 | D:4      | Found a blossoming altar of Fedhas.
  3955 | D:4      | Noticed a steam dragon
  3960 | D:4      | Killed a steam dragon
  3961 | D:4      | Reached skill level 7 in Dodging
  3961 | D:4      | Reached XP level 6. HP: 42/42 MP: 6/6
  3968 | D:4      | Found a bloodstained altar of Trog.
  4079 | D:4      | Found a staircase to the Ecumenical Temple.
  4142 | Temple   | Entered the Ecumenical Temple
  4279 | Temple   | Became a worshipper of Gozag Ym Sagoz the Greedy
  4584 | D:4      | Found Oxuholaf's General Store.
  4592 | D:4      | Bought a scroll of blinking for 75 gold pieces
  4711 | D:4      | Bought a +0 tower shield for 63 gold pieces
  4743 | D:5      | Entered Level 5 of the Dungeon
  4886 | D:4      | Reached skill level 1 in Shields
  4886 | D:4      | Reached XP level 7. HP: 15/46 MP: 7/7
  5528 | D:5      | Reached skill level 8 in Dodging
  6688 | D:5      | Reached XP level 8. HP: 48/52 MP: 8/8
  7204 | D:5      | Reached skill level 9 in Dodging
  7589 | D:4      | Bought a scroll of enchant weapon for 105 gold pieces
  7590 | D:4      | Bought a scroll of enchant armour for 105 gold pieces
  8590 | D:6      | Reached skill level 5 in Shields
  9046 | D:7      | Noticed a wyvern
  9056 | D:7      | Killed a wyvern
  9057 | D:7      | Reached skill level 10 in Dodging
  9057 | D:7      | Reached XP level 9. HP: 13/56 MP: 9/9
 11253 | D:8      | Found a staircase to the Lair.
 11989 | D:8      | Noticed IndexError's ghost (novice GnIE)
 11989 | D:8      | You fall into a shaft and drop 2 floors!
 11989 | D:10     | Entered Level 10 of the Dungeon
 12151 | D:8      | Found a transporter.
 12168 | D:8      | Found a transporter.
 12237 | D:8      | Reached skill level 11 in Dodging
 12588 | Lair:1   | Entered Level 1 of the Lair of Beasts
 12590 | Lair:1   | Noticed a komodo dragon
 12616 | Lair:1   | Killed a komodo dragon
 12617 | Lair:1   | Reached XP level 10. HP: 28/63 MP: 10/10
 12989 | Lair:1   | Noticed a cane toad
 13089 | D:8      | Killed a cane toad
 13579 | Lair:1   | Noticed a black mamba
 13608 | Lair:1   | Killed a black mamba
 13609 | Lair:1   | Reached skill level 10 in Shields
 13621 | Lair:1   | HP: 4/94 [wolf (3)]
 14283 | Lair:1   | Noticed Fannar
 14309 | Lair:1   | Killed Fannar
 14687 | Lair:1   | Reached skill level 12 in Dodging
 15114 | D:4      | Bought a scroll of enchant armour for 105 gold pieces
 15331 | Lair:2   | Noticed an eight-headed hydra
 15331 | Lair:2   | Found a hole to the Spider Nest.
 15447 | Lair:2   | Noticed a cane toad
 15466 | Lair:1   | Killed a cane toad
 15791 | Lair:2   | Reached XP level 11. HP: 67/67 MP: 11/11
 15853 | Lair:2   | HP: 2/67 [eight-headed hydra (13)]
 16212 | Lair:2   | Found a staircase to the Swamp.
 16213 | Lair:2   | Noticed a bog body
 17102 | Lair:2   | HP: 2/67 [yak (17)]
 17104 | Lair:1   | Mangled by a yak

Illustrated notes

Levels and vault maps discovered:
D:1:      nzn_arrival_settlement, layout_loops_ring, serial_shops,
          nicolae_shop_trees, chequers_ecumenical_altar_simple_redux,
          due_unseen_surprise
D:2:      layout_basic
D:3:      layout_basic, corexii_shack, serial_park_tiny_2, uniq_natasha
D:4:      layout_basic, fedhas_altar_1, lemuel_round_altar, minitemple,
          minmay_temple_entry_glassed_door, serial_shops,
          nicolae_lakefront_shop, shop
D:5:      layout_loops_corners, cheibrodos_sewer_entry_drain
D:6:      layout_loops_corners
D:7:      layout_cave_pools
D:8:      layout_loops_ring, lair_entry_dummy, gammafunk_ghost_smash
D:9:      layout_cave_pods, gammafunk_ghost_berserking_beasts, grunt_potential,
          uniq_harold
D:10:     minmay_the_grid_triangle_9x9_recursive_2_mashed
          [minmay_the_grid_triangle_9x9_prize_top_heavy,
          minmay_the_grid_triangle_9x9_checkered,
          minmay_the_grid_triangle_9x9_fully_insulated_deathbox,
          minmay_the_grid_triangle_9x9_dagger], layout_irregular_city,
          erik_orc_1, uniq_josephine
Temple:   compressed_dpeg_circular_temple
Lair:1:   layout_small_grid, nicolae_quartered_pool_medium, lemuel_fruit_fields,
          uniq_fannar
Lair:2:   layout_cave_shapes, skrybe_swamp_entry_bodies, dummy_spider_entry,
          eino_small_chamber_without_monster, serial_bayou_shore_a,
          grunt_megastairs_1

Skill      XL: |  1  2  3  4  5  6  7  8  9 10 |
---------------+-------------------------------+-----
Dodging        | 4 5 7 8 10 11 12 | 12.4
Shields        | 1 3 5 8 11 | 11.7
Fighting       | |  3.0
Short Blades   | |  3.0
Stealth        | |  2.6

Action                   |  1- 3 |  4- 6 |  7- 9 | 10-12 || total
-------------------------+-------+-------+-------+-------++-------
Melee: Short sword       |    39 |       |       |    42 ||    81
       Constrict         |    11 |    19 |    57 |    21 ||   108
       Tentacles         |     6 |    16 |    78 |    36 ||   136
       Dagger            |    19 |    89 |   240 |   111 ||   459
       Unarmed           |       |       |     3 |       ||     3
Throw: Dart              |       |       |    23 |     4 ||    27
Evoke: Wand              |       |       |       |    13 ||    13
  Use: Scroll            |     3 |    12 |     6 |     4 ||    25
       Potion            |       |     1 |     5 |    11 ||    17
 Stab: Sleeping          |    15 |    16 |     7 |     4 ||    42
       Distracted        |       |       |     2 |     2 ||     4
       Invisible         |       |       |       |     3 ||     3
Armor: Skin              |     2 |     5 |     3 |    66 ||    76
Dodge: Dodged            |    24 |    38 |    91 |    73 ||   226
Block: Tower shield      |       |     9 |   239 |   229 ||   477

Table legend: (Time is in decaauts)
 A = Elapsed time spent in this place.
 B = Non-inter-level travel time spent in this place.
 C = Inter-level travel time spent in this place.
 D = Time resting spent in this place.
 E = Time spent auto-exploring this place.
 F = Levels seen in this place.
 G = Mean time per level.
                   A        B        C        D        E       F      G
               +--------+--------+--------+--------+--------+-----+--------+
         Total |  17206 |  16146 |   1060 |   6080 |   7141 |  13 | 1323.5 |
       Dungeon |  13166 |  12257 |    909 |   4120 |   6190 |  10 | 1316.6 |
        Temple |    170 |    138 |     32 |      0 |     78 |   1 |  170.0 |
          Lair |   3869 |   3750 |    119 |   1959 |    873 |   2 | 1934.5 |
               +--------+--------+--------+--------+--------+-----+--------+

Top non-repeatable levels by time:
  Lair:1: 3412 daAuts
     D:6: 2565 daAuts
     D:5: 2204 daAuts
     D:8: 1866 daAuts
     D:4: 1457 daAuts
     D:1: 1335 daAuts
     D:7: 1299 daAuts
     D:2: 1270 daAuts
     D:3: 1144 daAuts
  Lair:2: 457 daAuts
  Temple: 170 daAuts
    D:10: 13 daAuts
     D:9: 8 daAuts
